 Dungeon Crawl Stone Soup version 0.23.1 (webtiles) character file.

Game seed: 4721070459314422791

114 Jannitor the Skirmisher (level 4, -4/37 HPs)
             Began as a Mummy Chaos Knight on Mar 3, 2019.
             Was a Plaything of Xom.
             Killed by divine providence
             ... invoked by an orc priest
              (16 damage)
             ... on level 3 of the Dungeon.
             The game lasted 00:03:28 (2140 turns).

Jannitor the Skirmisher (Mummy Chaos Knight)        Turns: 2140, Time: 00:03:29

Health: -4/37      AC:  7    Str: 16    XL:     4   Next: 67%
Magic:  4/4        EV: 10    Int: 11    God:    Xom [.*....]
Gold:   155        SH:  0    Dex: 11    Spells: 3/3 levels left

rFire    x . .     SeeInvis .   a - +0 mace (chaos)
rCold    + . .     Gourm    .   (no shield)
rNeg     + + +     Faith    .   h - +0 scale mail (curse)
rPois    ∞         Spirit   .   (no helmet)
rElec    .         Reflect  .   (no cloak)
rCorr    .         Harm     .   (no gloves)
MR       .....                  i - +0 pair of boots
Stlth    ..........             (no amulet)
HPRegen  0.12/turn              f - ring of flight
MPRegen  0.09/turn              (no ring)

@: no status effects
A: no food or potions, fire vulnerability, cold resistance 1, negative energy
resistance 3, torment resistance, unbreathing
a: Renounce Religion, Evoke Flight


You were on level 3 of the Dungeon.
You worshipped Xom.
You were a plaything of Xom.
You were not hungry.

You visited 1 branch of the dungeon, and saw 3 of its levels.

You collected 155 gold pieces.

Inventory:

Hand Weapons
 a - a +0 mace of chaos (weapon)
Missiles
 j - 7 tomahawks (quivered)
Armour
 b - a +2 leather armour
 h - a cursed +0 scale mail (worn)
 i - a +0 pair of boots (worn)
Jewellery
 f - a ring of flight (left hand)
Wands
 k - a wand of paralysis (3)
Scrolls
 c - 3 scrolls of blinking {unknown}
 d - 6 scrolls of identify {unknown}
 e - 4 scrolls of teleportation {unknown}
 g - 3 scrolls of remove curse {unknown}
 l - a scroll of magic mapping {unknown}


   Skills:
 + Level 3.8 Fighting
 + Level 3.0 Maces & Flails
 + Level 2.4 Armour
 + Level 1.8 Dodging


You had 3 spell levels left.
You didn't know any spells.
Your spell library contained the following spells:

 Spells                   Type           Power        Failure   Level  Hunger
 Summon Small Mammal      Summ           #...         77%         1    N/A
 Call Imp                 Summ           #.......     88%         2    N/A
 Call Canine Familiar     Summ           #.......     98%         3    N/A
 Summon Guardian Golem    Hex/Summ       #.......     98%         3    N/A
 Summon Ice Beast         Ice/Summ       #.......     100%        4    N/A
 Summon Lightning Spire   Summ/Air       #.......     100%        4    N/A

Dungeon Overview and Level Annotations

Branches:
Dungeon (3/15)

Altars:
Ashenzari


Innate Abilities, Weirdness & Mutations

You do not eat or drink.
Your flesh is vulnerable to fire.
You are immune to poison.
Your flesh is cold resistant. (rC+)
You are immune to negative energy. (rN+++)
You are immune to unholy pain and torment.
You can survive without breathing.


Message History

The orc is severely wounded.
The orc hits you with a +0 hand axe.
The orc priest mumbles some strange prayers to Beogh against you.
Beogh smites you! The orc barely misses you.
You closely miss the orc.
The orc is almost dead.
You kill the orc!
The orc priest invokes the aid of Beogh against you.
Beogh smites you!
* * * LOW HITPOINT WARNING * * *
The orc hits you but does no damage.
The orc completely misses your white imp.
The orc priest casts a cantrip, but nothing happens.
The orc closely misses your white imp.
Your white imp barely misses the orc.
The orc priest looks encouraged for a moment.
Your white imp hits the orc.
Your white imp freezes the orc.
The orc dies!
The orc priest calls down the wrath of Beogh upon you.
Beogh smites you!
You die...

##.####.###.###.# #.#
##........# #.# ##.####..#
##+## #.####..## #...##
#.##..)..##### .....##
#.......###.. # #
......######.#### #.# ..# ##
....[..####...#####.###o.#..
#.
.......'........@...5Z......
+.
.......####...#####.###.....
#. ......## ##.## #.# #.# ##
.....## ####.# #.. # #...##
#....# #### ##'## #.####
....# #.# ##..# #.# ##..#
#.#


You could see an orc priest, a jackal zombie and a friendly white imp.

Vanquished Creatures
  An adder (D:3)
  3 oozes (D:1)
  2 dart slugs (D:1)
  A leopard gecko (D:3)
  4 orcs (D:3)
  A ball python (D:1)
  3 bats
  4 giant cockroaches
  14 goblins
  6 hobgoblins
  8 kobolds
  9 frilled lizards
  5 rats
61 creatures vanquished.

Vanquished Creatures (collateral kills)
  A crimson imp (D:3)
  An orc (D:3)
2 creatures vanquished.

Grand Total: 63 creatures vanquished

Notes
Turn   | Place    | Note
-------+----------+-------------------------------------------
     0 | D:1      | Jannitor the Mummy Chaos Knight began the quest for the
                  | Orb.
     0 | D:1      | Reached XP level 1. HP: 18/18 MP: 1/1
    24 | D:1      | Reached skill level 1 in Dodging
    26 | D:1      | Reached XP level 2. HP: 15/24 MP: 2/2
   297 | D:1      | XOM: divination: detect creatures
   327 | D:1      | XOM: harmless Necr miscast
   444 | D:1      | XOM: harmless Air miscast
   445 | D:1      | Reached XP level 3. HP: 29/29 MP: 3/3
   752 | D:1      | XOM: harmless Tloc miscast
  1214 | D:2      | XOM: silly message
  1348 | D:2      | XOM: harmless Tloc miscast
  1369 | D:2      | Found a shattered altar of Ashenzari.
  1709 | D:3      | Reached XP level 4. HP: 36/36 MP: 4/4
  1892 | D:3      | XOM: cast spell 'Summon Ice Beast'
  2128 | D:3      | XOM: summons friendly white imp
  2140 | D:3      | Killed from afar by an orc priest

Skill      XL: |  1  2  3  4 |
---------------+-------------+-----
Dodging        | 1 |  1.8
Armour         | 2 |  2.4
Maces & Flails | 3 |  3.0
Fighting       | |  3.8

Action                   |  1- 3 |  4- 6 || total
-------------------------+-------+-------++-------
Melee: Mace              |   128 |    49 ||   177
Armor: Leather armour    |    34 |       ||    34
       Scale mail        |    15 |    19 ||    34
Dodge: Dodged            |    78 |    23 ||   101
